 Dungeon Crawl Stone Soup version 0.20.1-1-g8b1a95d (webtiles) character file.

135 Monsterracer the Shield-Bearer (level 4, -1/42 HPs)
             Began as a Deep Dwarf Fighter on Oct 27, 2017.
             Killed by nerve-wracking pain
             ... invoked by Grinder
              (12 damage)
             ... on level 3 of the Dungeon.
             The game lasted 00:01:33 (1076 turns).

Monsterracer the Shield-Bearer (Deep Dwarf Fighter) Turns: 1076, Time: 00:01:34

Health: -1/42      AC:  7    Str: 26    XL:     4   Next: 97%
Magic:  3/3        EV:  8    Int:  8    God:
Gold:   146        SH: 10    Dex: 12    Spells: 3/3 levels left

rFire    . . .     SeeInvis .   a - +0 war axe
rCold    . . .     Gourm    .   c - +0 shield
rNeg     . . .     Faith    .   n - +0 scale mail
rPois    .         Spirit   .   (no helmet)
rElec    .         Reflect  .   (no cloak)
rCorr    .         Harm     .   (no gloves)
MR       .....                  (no boots)
Stlth    ..........             (no amulet)
Regen    0.0/turn               (no ring)
MPRegen  0.1/turn               (no ring)

@: mighty, non-regenerating
A: damage resistance, heal wounds, sense surroundings 1, no regeneration
a: Heal Wounds


You were on level 3 of the Dungeon.
You were not hungry.

You visited 1 branch of the dungeon, and saw 3 of its levels.

You collected 146 gold pieces.

Inventory:

Hand Weapons
 a - a +0 war axe (weapon)
 b - a +2 morningstar of protection
Armour
 c - a +0 shield (worn)
 n - a +0 scale mail (worn)
Jewellery
 j - an uncursed ring of ice
Scrolls
 i - a scroll of teleportation {unknown}
 l - 3 scrolls of identify {unknown}
 o - a scroll of random uselessness {unknown}
 p - a scroll of magic mapping {unknown}
 q - a scroll of fog {unknown}
Potions
 e - a potion of heal wounds {unknown}
 g - 2 potions of flight {unknown}
 h - 2 potions of cancellation {unknown}
 k - a potion of berserk rage {unknown}
 m - a potion of haste
Comestibles
 f - 2 bread rations
 r - a meat ration


   Skills:
 + Level 3.0 Fighting
 * Level 3.5 Axes
 + Level 4.1 Armour
 + Level 1.4 Dodging
 + Level 4.2 Shields


You had 3 spell levels left.
You didn't know any spells.

Dungeon Overview and Level Annotations

Branches:
Dungeon (3/15)

Altars:
Ashenzari
Nemelex Xobeh

Annotations:
D:3 Grinder


Innate Abilities, Weirdness & Mutations

You are resistant to damage.
You can heal yourself by infusing magical energy.
You passively map a small area around you.
You do not regenerate.


Message History

A rat comes into view.
A rat is nearby!
A rat is nearby!
Found 15 gold pieces and 17 stones.
The rat bites you but does no damage.
You slash the rat!
You kill the rat!
No target in view!
No target in view!
Found a glowing short sword.
Found a leather armour.
You now have 123 gold pieces (gained 9).
You now have 138 gold pieces (gained 15).
l - 3 scrolls labeled PEPLAO DOORGHA (gained 1)
A worm comes into view.
You are feeling hungry.
A worm is nearby!
A worm is nearby!
A worm is nearby!
You hit the worm.
The worm is lightly wounded.
The worm barely misses you.
You slash the worm!
The worm is almost dead.
The worm barely misses you.
You barely miss the worm.
The worm is almost dead.
The worm bites you!
You slash the worm!
You kill the worm!
No target in view!
No target in view!
A hobgoblin comes into view.
The hobgoblin shouts!
You hit the hobgoblin.
You kill the hobgoblin!
No target in view!
No target in view!
An adder comes into view.
You can't go down here!
You block the adder's attack.
You miss the adder. You block the adder's attack. The adder closely misses you.
You closely miss the adder. The adder bites you but does no damage.
You block the adder's attack.
You closely miss the adder. The adder bites you but does no damage.
The adder bites you.
You hit the adder.
The adder is lightly wounded.
The adder bites you but does no damage. You block the adder's attack.
You hit the adder.
The adder is moderately wounded.
The adder bites you.
You hit the adder.
The adder is severely wounded.
The adder bites you. x2
You slash the adder!
You kill the adder!
No target in view!
No target in view!
You butcher the adder corpse.
s - a chunk of flesh You see here an adder skeleton. x2
Eating a chunk of flesh.
You eat the chunk of flesh.
This raw flesh tastes terrible.
You see here a glowing short sword.
Found a stone staircase leading down.
(D) Dungeon
Where to? (Enter - D:3 @ (x,y), ? - help)
There is a stone staircase leading down here.
You see here 20 stones.
You now have 146 gold pieces (gained 8).
Found a stone staircase leading down.
You can't go down here!
Grinder comes into view.
Grinder shouts!
Grinder blinks!
Grinder gestures at you. Pain shoots through your body!
You feel very mighty all of a sudden.
Grinder blinks!
Your shield and scale mail prevent you from hitting Grinder.
Grinder gestures at you. Pain shoots through your body!
Grinder says, "At least Makhleb appreciates what I'm doing."
Grinder gestures at you.
You struggle to resist.
You slice Grinder!!
Grinder is heavily wounded.
Grinder hits you!
You writhe in agony.
You are too injured to fight recklessly!
You are too injured to fight recklessly!
You are too injured to fight recklessly!
You closely miss Grinder.
Grinder is heavily wounded.
You block Grinder's attack.
You closely miss Grinder.
Grinder is heavily wounded.
Grinder gestures at you. Pain shoots through your body!
You die...

, ...# ........#
.......### ,
........# , .......#
, ......#
###############.....#
.................>..#
*
#########.#####5@...#
, ## #....# #.....# *
.# #....# #.....# .##
#....# #.....# ..#
#....# #.....# #.##
#....# #.....# #..#
####.# ########
##.######.# #......#
#........# #......#


You could see Grinder.

Vanquished Creatures
  An orc priest (D:3)
  2 orc wizards (D:3)
  3 adders
  A worm (D:3)
  A leopard gecko (D:1)
  5 orcs (D:3)
  3 bats
  2 giant cockroaches (D:1)
  4 goblins
  5 hobgoblins
  2 frilled lizards (D:2)
  5 kobolds
  5 rats
39 creatures vanquished.

Notes
Turn   | Place    | Note
-------+----------+-------------------------------------------
     0 | D:1      | Monsterracer the Deep Dwarf Fighter began the quest for the Orb.
     0 | D:1      | Reached XP level 1. HP: 20/20 MP: 1/1
    51 | D:1      | Found a shattered altar of Ashenzari.
   121 | D:1      | Reached XP level 2. HP: 27/27 MP: 2/2
   284 | D:2      | Found a sparkling altar of Nemelex Xobeh.
   431 | D:2      | Reached XP level 3. HP: 26/33 MP: 3/3
   598 | D:3      | Reached XP level 4. HP: 37/40 MP: 3/3
   599 | D:3      | Reached skill level 1 in Dodging
  1066 | D:3      | Noticed Grinder
  1076 | D:3      | Killed from afar by Grinder

Skill      XL: |  1  2  3  4 |
---------------+-------------+-----
Axes           | 3 |  3.5
Shields        | 4 |  4.2
Dodging        | 1 |  1.4
Fighting       | 3 |  3.0
Armour         | 4 |  4.1

Action                   |  1- 3 |  4- 6 || total
-------------------------+-------+-------++-------
Melee: War axe           |   111 |    52 ||   163
       Morningstar       |       |     9 ||     9
 Abil: Heal Wounds       |     2 |     1 ||     3
  Use: Potion            |       |     1 ||     1
  Eat: Chunk             |       |     1 ||     1
Armor: Scale mail        |    58 |    17 ||    75
Dodge: Dodged            |    25 |    19 ||    44
Block: Shield            |    63 |    22 ||    85

Vault maps used:
D:1:      dpeg_arrival_line_fractal, evilmike_ruin_ashenzari
D:2:      lemuel_statue_altar
D:3:      uniq_grinder
